 Dungeon Crawl Stone Soup version 0.24.0-13-gcf9b319 (webtiles) character file.

Game seed: 3746815364446408510, levelgen mode: deterministic

56 unrecovered the Magician (level 3, -2/26 HPs)
             Began as a Gnoll Wizard on May 3, 2020.
             Slain by an adder (3 damage)
             ... on level 2 of the Dungeon.
             The game lasted 00:05:29 (1490 turns).

unrecovered the Magician (Gnoll Wizard)             Turns: 1490, Time: 00:05:30

Health: -2/26      AC:  2    Str:  8 (9)  XL:     3   Next: 97%
Magic:  11/11      EV: 13    Int: 20 (21) God:
Gold:   42         SH:  0    Dex: 10 (13) Spells: 8/16 levels left

rFire    . . .     SeeInvis +   g - +0 whip (freeze)
rCold    . . .     Gourm    .   (no shield)
rNeg     . . .     Faith    .   a - +0 robe
rPois    .         Spirit   .   b - +0 hat
rElec    .         Reflect  .   (no cloak)
rCorr    .         Harm     .   (no gloves)
MR       .....                  (no boots)
Stlth    ++........             (no amulet)
HPRegen  0.08/turn              h - ring of see invisible
MPRegen  0.12/turn              (no ring)

@: lethally poisoned (-2 -> -5)
A: distributed training, fangs 1, strong nose
a: no special abilities


You were on level 2 of the Dungeon.
You were not hungry.

You visited 1 branch of the dungeon, and saw 2 of its levels.

You collected 42 gold pieces.

Inventory:

Hand Weapons
 e - a +0 hand axe
 g - a +0 whip of freezing (weapon)
 i - a +0 spear
Armour
 a - a +0 robe (worn)
 b - a +0 hat (worn)
Jewellery
 h - a ring of see invisible (left hand)
Comestibles
 d - 3 rations


   Skills:
 + Level 1.0 Fighting
 + Level 1.0 Short Blades
 + Level 1.0 Long Blades
 + Level 1.0 Axes
 + Level 1.0 Maces & Flails
 + Level 1.0 Polearms
 + Level 1.0 Staves
 + Level 1.0 Slings
 + Level 1.0 Bows
 + Level 1.0 Crossbows
 + Level 1.0 Throwing
 + Level 1.0 Armour
 + Level 4.6 Dodging
 + Level 4.2 Stealth
 + Level 1.0 Shields
 + Level 1.0 Unarmed Combat
 + Level 7.1 Spellcasting
 + Level 2.1 Conjurations
 + Level 0.7 Hexes
 + Level 0.7 Charms
 + Level 2.1 Summonings
 + Level 0.7 Necromancy
 + Level 2.1 Translocations
 + Level 0.7 Transmutations
 + Level 0.7 Fire Magic
 + Level 0.7 Ice Magic
 + Level 0.7 Air Magic
 + Level 0.7 Earth Magic
 + Level 0.7 Poison Magic
 + Level 1.0 Invocations
 + Level 1.0 Evocations


You had 8 spell levels left.
You knew the following spells:

 Your Spells              Type           Power        Failure   Level  Hunger
a - Magic Dart            Conj           ###.         3%          1    None
b - Blink                 Tloc           N/A          6%          2    None
c - Call Imp              Summ           ###.....     6%          2    None
d - Mephitic Cloud        Conj/Pois/Air  ##......     17%         3    #......

Your spell library contained the following spells:

 Spells                   Type           Power        Failure   Level  Hunger
 Slow                     Hex            ##......     11%         2    None
 Conjure Flame            Conj/Fire      ##......     16%         3    #......


Dungeon Overview and Level Annotations

Branches:
Dungeon (2/15)

Altars:


Innate Abilities, Weirdness & Mutations

Your experience applies equally to all skills.
You have very sharp teeth.
Your uncanny sense of smell can sniff out nearby items.


Message History

You are too injured to fight recklessly!
You are too injured to fight recklessly!
You are too injured to fight recklessly!
You are too injured to fight recklessly!
You are too injured to fight recklessly!
You are too injured to fight recklessly!
You are too injured to fight recklessly!
You are too injured to fight recklessly!
You are too injured to fight recklessly!
You are too injured to fight recklessly!
You are too injured to fight recklessly!
You are too injured to fight recklessly!
You are too injured to fight recklessly!
You are too injured to fight recklessly!
You are too injured to fight recklessly!
You hit the adder. You freeze the adder.
The adder is moderately wounded.
* * * LOW HITPOINT WARNING * * *
You feel sick. The adder bites you.
You die...

#........
#........
#........ #
#?.......
#.#........
#.#........
#...#....##
###S#....#
#@#....# #.#
...# #.#
####
#.######
#......###.#
######.....#
###...#.#.#
#.......#
#......##


You could see an adder.

Vanquished Creatures
  An adder (D:2)
  An ooze (D:1)
  2 dart slugs (D:1)
  2 leopard geckos (D:1)
  3 giant cockroaches
  5 hobgoblins
  4 jackals (D:1)
  4 bats
  4 frilled lizards (D:1)
  5 kobolds (D:1)
  7 rats
38 creatures vanquished.

Vanquished Creatures (collateral kills)
  A goblin (D:1)
  A hobgoblin (D:1)
2 creatures vanquished.

Grand Total: 40 creatures vanquished

Notes
Turn   | Place    | Note
-------+----------+-------------------------------------------
     0 | D:1      | unrecovered the Gnoll Wizard began the quest for the Orb.
     0 | D:1      | Reached XP level 1. HP: 13/13 MP: 8/8
   113 | D:1      | Reached XP level 2. HP: 19/19 MP: 5/10
   164 | D:1      | Learned a level 2 spell: Blink
   171 | D:1      | Learned a level 2 spell: Call Imp
   317 | D:1      | Reached XP level 3. HP: 25/25 MP: 7/11
   711 | D:1      | Reached skill level 1 in Invocations
  1099 | D:1      | Learned a level 3 spell: Mephitic Cloud
  1310 | D:2      | Reached skill level 1 in Fighting
  1310 | D:2      | Reached skill level 1 in Short Blades
  1310 | D:2      | Reached skill level 1 in Long Blades
  1310 | D:2      | Reached skill level 1 in Axes
  1310 | D:2      | Reached skill level 1 in Maces & Flails
  1310 | D:2      | Reached skill level 1 in Polearms
  1310 | D:2      | Reached skill level 1 in Staves
  1310 | D:2      | Reached skill level 1 in Slings
  1310 | D:2      | Reached skill level 1 in Bows
  1310 | D:2      | Reached skill level 1 in Crossbows
  1310 | D:2      | Reached skill level 1 in Throwing
  1310 | D:2      | Reached skill level 1 in Armour
  1310 | D:2      | Reached skill level 1 in Shields
  1310 | D:2      | Reached skill level 1 in Unarmed Combat
  1310 | D:2      | Reached skill level 1 in Evocations
  1490 | D:2      | HP: 1/26 [poisoned by an adder]
  1490 | D:2      | Slain by an adder

Levels and vault maps discovered:
D:1:      wander_arrival_fairy_ring, layout_basic
D:2:      minmay_chambers_of_ones, layout_basic, grunt_qazlal_clouds,
          chequers_ecumenical_altar_simple, grunt_ministairs_14

Skill      XL: |  1  2  3 |
---------------+----------+-----
Conjurations   | 2 |  2.1
Summonings     | 2 |  2.1
Translocations | 2 |  2.1
Invocations    | 1 |  1.0
Fighting       | 1 |  1.0
Short Blades   | 1 |  1.0
Long Blades    | 1 |  1.0
Axes           | 1 |  1.0
Maces & Flails | 1 |  1.0
Polearms       | 1 |  1.0
Staves         | 1 |  1.0
Slings         | 1 |  1.0
Bows           | 1 |  1.0
Crossbows      | 1 |  1.0
Throwing       | 1 |  1.0
Armour         | 1 |  1.0
Shields        | 1 |  1.0
Unarmed Combat | 1 |  1.0
Evocations     | 1 |  1.0
Dodging        | |  4.6
Stealth        | |  4.2
Spellcasting   | |  7.1
Hexes          | |  0.7
Charms         | |  0.7
Necromancy     | |  0.7
Transmutations | |  0.7
Fire Magic     | |  0.7
Ice Magic      | |  0.7
Air Magic      | |  0.7
Earth Magic    | |  0.7
Poison Magic   | |  0.7

Action                   || total
-------------------------++-------
Melee: Hand axe          ||    15
       Bite              ||     8
       Whip              ||    46
       Punch             ||     1
 Cast: Magic Dart        ||    47
       Call Imp          ||     1
  Use: Potion            ||     2
       Scroll            ||     1
 Stab: Sleeping          ||     3
  Eat: Chunk             ||     2
Armor: Robe              ||    20
Dodge: Dodged            ||    68
